AoeStats
← GRIFOLYON

Oasis

509775481Analyzed
3v3 RM · 5d ago on Sep 28, 2026· 66m 4s· 6 players
Game mode
Random Map
Map size
Normal (6 player)
Population
200
Speed
Normal
Resources
Standard
Victory
Conquest
Starting age
Dark Age
Ending age
Imperial Age
RankedLock teamsTeams togetherTeam positionsShared explorationLock speedFull tech treeHidden civsTurbo modeCheats
Victory
Defeat
🇺🇸 Saracens · United States
850
+14
🇲🇽 Teutons · Mexico
831
+14
🇲🇽 Spanish · Mexico
748
+18
🇺🇸 Varangians · United States
821
-16
🇺🇸 Turks · United States
800
-16
🇺🇸 Burgundians · United States
758
-14
martha5505
8:34 Double-Bit Axe
9:58 Gold Mining
9:55 Horse Collar
14:33 Wheelbarrow
15:43 Feudal Age
16:50 Bow Saw
16:54 Loom
19:02 Gold Shaft Mining
19:42 Man-at-Arms
22:21 Scale Barding Armor
22:26 Forging
22:26 Heavy Plow
23:47 Stone Mining
26:18 Castle Age
25:19 Fletching
25:39 Arson
26:32 Padded Archer Armor
30:31 Two-Man Saw
30:48 Husbandry
31:48 Masonry
36:45 Crop Rotation
38:19 Crossbowman
39:41 Caravan
42:17 Cavalier
51:40 Burgundian Vineyards
51:03 Pikeman
55:51 Fortified Wall
TheMonkNextDoor
8:42 Loom
12:47 Feudal Age
16:47 Castle Age
15:35 Horse Collar
17:06 Double-Bit Axe
31:59 Gold Mining
39:13 Imperial Age
37:49 Bow Saw
39:30 Forging
39:11 Fletching
39:30 Devotion
39:18 Pikeman
43:03 Halberdier
45:52 Padded Archer Armor
45:53 Scale Mail Armor
47:01 Chain Mail Armor
50:31 Iron Casting
50:35 Elite Skirmisher
56:35 Blast Furnace
55:30 Bodkin Arrow
56:56 Caravan
56:35 Elite Jarl
60:06 Heavy Scorpion
64:37 Chemistry
63:34 Murder Holes
jellycopter229
4:51 Loom
11:29 Feudal Age
13:50 Double-Bit Axe
15:41 Bloodlines
15:48 Forging
20:35 Scale Mail Armor
23:31 Castle Age
22:54 Fletching
22:57 Horse Collar
24:10 Wheelbarrow
24:36 Wheelbarrow
29:41 Padded Archer Armor
30:06 Heavy Plow
32:26 Town Watch
33:08 Murder Holes
33:45 Ballistics
34:43 Bow Saw
37:40 Imperial Age
37:22 Husbandry
39:23 Conscription
38:29 Heavy Camel Rider
39:12 Elite Janissary
40:51 Fortified Wall
41:24 Artillery
42:36 Caravan
44:12 Hand Cart
46:36 Bodkin Arrow
47:21 Bracer
47:27 Scale Barding Armor
49:04 Bombard Tower
49:03 Thumb Ring
55:16 Theocracy
55:20 Redemption
56:03 Heavy Scorpion
GabrielLeal16
11:52 Feudal Age
12:29 Double-Bit Axe
12:52 Loom
15:16 Wheelbarrow
19:16 Castle Age
18:03 Fletching
18:13 Padded Archer Armor
18:02 Horse Collar
20:05 Squires
19:37 Pikeman
22:12 Heavy Plow
23:06 Scale Barding Armor
23:50 Husbandry
26:23 Bloodlines
26:22 Bodkin Arrow
26:44 Leather Archer Armor
28:32 Gold Mining
30:09 Wheelbarrow
31:48 Forging
32:20 Bow Saw
34:00 Bimaristan
34:26 Hand Cart
34:00 Town Watch
36:08 Caravan
40:40 Imperial Age
40:52 Imperial Age
38:31 Town Patrol
39:37 Coinage
40:18 Fervor
40:32 Sanctity
41:45 Ballistics
41:22 Murder Holes
42:17 Iron Casting
42:03 Chain Barding Armor
44:00 Chemistry
42:46 Elite Mameluke
45:28 Heavy Camel Rider
47:47 Blast Furnace
47:23 Plate Barding Armor
49:01 Onager
54:06 Siege Onager
60:56 Masonry
60:51 Siege Engineers
GRIFOLYON
11:53 Feudal Age
12:22 Double-Bit Axe
20:19 Castle Age
20:11 Horse Collar
21:46 Bow Saw
25:58 Stone Mining
26:03 Gold Mining
26:20 Elite Skirmisher
37:12 Imperial Age
35:53 Stone Shaft Mining
38:36 Wheelbarrow
39:45 Hand Cart
41:03 Chemistry
40:24 Ballistics
42:37 Elite Conquistador
54:14 Masonry
gabmtzf23
9:08 Loom
11:42 Feudal Age
15:52 Castle Age
14:58 Double-Bit Axe
18:25 Wheelbarrow
18:17 Bow Saw
21:13 Man-at-Arms
22:30 Forging
24:32 Long Swordsman
26:28 Iron Casting
25:53 Scale Mail Armor
28:59 Town Watch
29:30 Hand Cart
29:44 Scale Barding Armor
30:11 Stone Mining
30:16 Gold Mining
32:25 Town Patrol
32:34 Horse Collar
33:38 Chain Mail Armor
33:44 Chain Barding Armor
33:33 Squires
38:56 Imperial Age
37:27 Bloodlines
38:41 Heavy Plow
39:07 Caravan
39:42 Onager
39:48 Cavalier
43:42 Blast Furnace
43:24 Ironclad
44:18 Siege Onager
45:22 Paladin
48:24 Plate Barding Armor
48:20 Plate Mail Armor
49:08 Elite Teutonic Knight
51:56 Crenellations
54:04 Capped Ram
55:15 Conscription
Connection lost

Rejoining the realm…

Still unreachable

The connection could not be restored.

Session expired

The server has moved on; the page needs a fresh start.